 Dungeon Crawl Stone Soup version 0.29.0-4-gdea44cf6ec (webtiles) character file.

Game seed: 16938671533469217036

552 qw the Grappler (level 7, -11/66 HPs)
             Began as a Troll Cinder Acolyte on Sept 3, 2022.
             Was a High Priest of Ignis.
             Mangled by a komodo dragon (23 damage)
             ... on level 5 of the Dungeon.
             The game lasted 00:02:02 (3670 turns).

qw the Grappler (Troll Cinder Acolyte)              Turns: 3670, Time: 00:02:03

Health: -11/66     AC: 11    Str: 24    XL:     7   Next: 8%
Magic:  7/7        EV:  9    Int:  9    God:    Ignis [*****.]
Gold:   162        SH:  0    Dex:  9    Spells: 8/8 levels left

rFire   + + .      SeeInvis +     - Unarmed
rCold   + + .      Faith    .   (no shield)
rNeg    . . .      Spirit   .   k - +0 robe {rC+}
rPois   +          Reflect  .   (helmet restricted)
rElec   +          Harm     .   (no cloak)
rCorr   +          Rampage  .   (gloves unavailable)
Will    .....                   (boots unavailable)
Stlth   +.........              (no amulet)
HPRegen 1.81/turn               o - ring of poison resistance
MPRegen 0.10/turn               c - ring of see invisible

@: brilliant, resistant, fiery-armoured
A: large, unfitting armour, claws 3, regeneration 2, shaggy fur 1, tough skin 1,
agile 1
a: Renounce Religion, Fiery Armour, Foxfire Swarm, Rising Flame


You were on level 5 of the Dungeon.
You worshipped Ignis.
Ignis was extremely pleased with you.
You visited 1 branch of the dungeon, and saw 5 of its levels.

You collected 162 gold pieces.


Innate Abilities, Weirdness & Mutations

You are too large for most types of armour.
You have claws for hands.
You heal very quickly.
You are covered in fur. (AC +1)
You have tough skin. (AC +1)
You are agile. (Dex +4, Str/Int -1)


   Skills:
 + Level 2.4 Fighting
 - Level 1.0 Dodging
 - Level 8.0 Unarmed Combat
 - Level 1.0 Spellcasting
 - Level 2.1 Fire Magic


You had 8 spell levels left.
You didn't know any spells.
Your spell library contained the following spells:

 Spells                   Type           Power      Damage    Failure   Level
 Scorch                   Fire           12%        2d5       22%         2

Inventory:

Armour
 k - a +0 robe of cold resistance (worn)
Jewellery
 c - a ring of see invisible (right claw)
 j - a ring of ice
 o - a ring of poison resistance (left claw)
 p - a +6 ring of strength
Scrolls
 a - a scroll of identify
Potions
 b - 2 potions of mutation
 d - 3 potions of curing
 f - a potion of cancellation
 g - a potion of might
 h - a potion of haste
 n - a potion of resistance

Dungeon Overview and Level Annotations

Branches:
Dungeon (5/15)
 Temple: D:4-7

Altars:
Cheibriados

Annotations:
D:4 1 runed translucent door, qw's ghost, amateur FoCA


Message History

The orc wizard is severely wounded.
The komodo dragon bites you.
The komodo dragon is burned by your cloak of flames.
The komodo dragon is lightly wounded.
You claw the orc wizard!
You kill the orc wizard!
The orc wizard gestures at you while chanting.
You resist with some effort. The komodo dragon barely misses you.
You have reached level 7!
You scratch the orc wizard.
The orc wizard is heavily wounded.
An orc comes into view. It is wielding a +0 club.
The orc wizard hits you with a +0 dagger.
The orc wizard is burned by your cloak of flames.
The orc wizard is severely wounded.
You scratch the orc wizard.
The orc wizard is almost dead.
The komodo dragon bites you.
The komodo dragon is burned by your cloak of flames.
The komodo dragon is moderately wounded.
The orc wizard hits you but does no damage.
The orc wizard is burned by your cloak of flames.
You kill the orc wizard!
Your Unarmed Combat skill increases to level 8!
You scratch the komodo dragon but do no damage.
The komodo dragon is moderately wounded.
The komodo dragon closely misses you.
You barely miss the komodo dragon.
The komodo dragon is moderately wounded.
The orc closely misses you. The komodo dragon bites you.
You claw the komodo dragon!
The komodo dragon is severely wounded.
The orc barely misses you. The komodo dragon closely misses you.
You scratch the komodo dragon but do no damage.
The komodo dragon is severely wounded.
The orc hits you with a +0 club.
The orc is burned by your cloak of flames.
The orc is heavily wounded.
The komodo dragon bites you!!
You die...

.. ... .##.. o #
...#o ~# .~
..####..#. ~##.#
.....>.. # ~~~.
#....####.#.)..
#...)o......~~
#...)@l.....~#
.....#.########~#
#.. #.# #.....~#
# #.###.###.~#
#.....# #.~#####~
#.##### #.~~~~~~~
#.# #.####### #.#
#####.#
#.###.....#


You could see a komodo dragon and an orc.

Vanquished Creatures
  Sigmund (D:2)
  An ogre (D:4)
  An orc priest (D:5)
  A gnoll bouda (D:4)
  3 orc wizards
  Robin (D:2)
  7 gnolls (D:4)
  An adder (D:3)
  3 worms
  A dart slug (D:4)
  4 orcs
  7 ball pythons
  7 endoplasms
  3 giant cockroaches
  17 goblins
  10 hobgoblins
  3 quokkas
  3 bats
  4 frilled lizards
  5 kobolds
  7 rats
90 creatures vanquished.

Notes
Turn   | Place    | Note
-------+----------+-------------------------------------------
     0 | D:1      | qw the Troll Cinder Acolyte began the quest for the Orb.
     0 | D:1      | Reached XP level 1. HP: 22/22 MP: 1/1
     0 | D:1      | 0 ||| qw: Version: 0.1-a-102-g441f92d
     0 | D:1      | 0 ||| qw: Game counter: 5176
     0 | D:1      | 0 ||| qw: Always use a shield: true
     0 | D:1      | 0 ||| qw: God list: Okawaru
     0 | D:1      | 0 ||| qw: Allow faded altars: false
     0 | D:1      | 0 ||| qw: Do Orc after D:15 true
     0 | D:1      | 0 ||| qw: Do second Lair branch before Depths: true
     0 | D:1      | 0 ||| qw: Lair rune preference: random
     0 | D:1      | 0 ||| qw: Plans: Normal
     0 | D:1      | 0 ||| PLANNING D:1-11
   169 | D:1      | Reached XP level 2. HP: 29/29 MP: 2/2
   380 | D:1      | Found a faded altar of an unknown god.
   716 | D:1      | 716 ||| UPGRADING to +6 ring of strength.
   717 | D:1      | 717 ||| READING scroll labelled HOMAOTTELU.
   718 | D:1      | 718 ||| READING scroll labelled COAXIUNA FAFF.
   719 | D:1      | 719 ||| DRINKING 2 fizzy dark potions.
   719 | D:1      | Gained mutation: You are agile. (Dex +4, Str/Int -1)
                  | [potion of mutation]
   719 | D:1      | Gained mutation: You heal very quickly. [potion of
                  | mutation]
   720 | D:1      | 720 ||| DRINKING 2 orange potions.
   728 | D:2      | Noticed Sigmund
   736 | D:2      | 736 ||| FLEEEEING.
   737 | D:2      | 737 ||| STAIRDANCE
   743 | D:2      | 743 ||| STAIRDANCE
   752 | D:2      | 752 ||| STAIRDANCE
   763 | D:2      | 763 ||| Stepping randomly (disturbance).
   764 | D:2      | 764 ||| DRINKING potion of curing.
   764 | D:2      | 764 ||| (to cure confusion)
   779 | D:2      | HP: 3/29 [something (9)]
   783 | D:2      | 783 ||| INVOKING Fiery Armour.
   785 | D:2      | Killed Sigmund
   786 | D:2      | Reached skill level 6 in Unarmed Combat
   786 | D:2      | Reached XP level 3. HP: 17/36 MP: 3/3
   786 | D:2      | Reached XP level 4. HP: 21/44 MP: 4/4
   786 | D:2      | Reached XP level 5. HP: 23/50 MP: 5/5
   842 | D:2      | 842 ||| Stepping ~*~*~tactically~*~*~ (hiding).
   843 | D:2      | 843 ||| Stepping ~*~*~tactically~*~*~ (hiding).
  1001 | D:2      | Noticed Robin
  1002 | D:2      | 1002 ||| Stepping ~*~*~tactically~*~*~ (hiding).
  1014 | D:2      | Killed Robin
  1021 | D:2      | Reached skill level 1 in Dodging
  1148 | D:2      | 1148 ||| Stepping ~*~*~tactically~*~*~ (stealth).
  1150 | D:2      | 1150 ||| Stepping ~*~*~tactically~*~*~ (stealth).
  1525 | D:2      | 1525 ||| UPGRADING to +0 robe of cold resistance.
  1535 | D:2      | 1535 ||| DROPPING +0 robe.
  1536 | D:2      | 1536 ||| UPGRADING to ring of see invisible.
  1537 | D:2      | 1537 ||| READING scroll labelled WUREUMN CEROC.
  1538 | D:2      | 1538 ||| READING scroll labelled HAOSHI METRAOH.
  1539 | D:2      | 1539 ||| READING scroll labelled QUASAI HUFUOBIRO.
  1540 | D:2      | 1540 ||| READING scroll labelled AHESARE VOSI.
  1607 | D:3      | 1607 ||| Stepping ~*~*~tactically~*~*~ (hiding).
  1608 | D:3      | 1608 ||| Stepping ~*~*~tactically~*~*~ (hiding).
  1610 | D:3      | 1610 ||| Stepping ~*~*~tactically~*~*~ (hiding).
  1619 | D:3      | 1619 ||| DRINKING 3 potions of curing.
  1619 | D:3      | 1619 ||| (to cure confusion)
  1655 | D:3      | 1655 ||| Stepping ~*~*~tactically~*~*~ (stealth).
  1656 | D:3      | 1656 ||| Stepping ~*~*~tactically~*~*~ (stealth).
  1911 | D:3      | 1911 ||| Stepping ~*~*~tactically~*~*~ (stealth).
  1912 | D:3      | 1912 ||| Stepping ~*~*~tactically~*~*~ (stealth).
  1921 | D:3      | 1921 ||| Stepping ~*~*~tactically~*~*~ (stealth).
  2002 | D:3      | Reached XP level 6. HP: 59/59 MP: 6/6
  2491 | D:3      | 2491 ||| READING 3 scrolls of identify.
  2491 | D:3      | 2491 ||| IDENTIFYING amethyst potion
  2492 | D:3      | 2492 ||| READING 2 scrolls of identify.
  2492 | D:3      | 2492 ||| IDENTIFYING puce potion
  2574 | D:4      | Reached skill level 7 in Unarmed Combat
  2646 | D:4      | Found a snail-covered altar of Cheibriados.
  2678 | D:4      | 2678 ||| Stepping ~*~*~tactically~*~*~ (stealth).
  2679 | D:4      | 2679 ||| Stepping ~*~*~tactically~*~*~ (stealth).
  2683 | D:4      | 2683 ||| Stepping ~*~*~tactically~*~*~ (stealth).
  2686 | D:4      | 2686 ||| Stepping ~*~*~tactically~*~*~ (stealth).
  2687 | D:4      | 2687 ||| Stepping ~*~*~tactically~*~*~ (stealth).
  2941 | D:4      | 2941 ||| Stepping ~*~*~tactically~*~*~ (hiding).
  2964 | D:4      | 2964 ||| Stepping ~*~*~tactically~*~*~ (stealth).
  2968 | D:4      | 2968 ||| Stepping ~*~*~tactically~*~*~ (hiding).
  3000 | D:4      | 3000 ||| Stepping ~*~*~tactically~*~*~ (stealth).
  3002 | D:4      | 3002 ||| Stepping ~*~*~tactically~*~*~ (stealth).
  3019 | D:4      | Found a runed translucent door.
  3019 | D:4      | Noticed qw's ghost (amateur FoCA)
  3213 | D:4      | 3213 ||| INVOKING Fiery Armour.
  3605 | D:4      | 3605 ||| UPGRADING to ring of poison resistance.
  3607 | D:4      | 3607 ||| READING scroll labelled OKOGU FAUMMUIS.
  3608 | D:4      | 3608 ||| READING scroll labelled DURCHA XOETUO.
  3609 | D:4      | 3609 ||| DRINKING 2 purple potions.
  3610 | D:4      | 3610 ||| DRINKING 2 bubbling red potions.
  3611 | D:4      | 3611 ||| DRINKING 2 viscous grey potions.
  3612 | D:4      | 3612 ||| READING 3 scrolls of identify.
  3612 | D:4      | 3612 ||| IDENTIFYING bubbling white potion
  3613 | D:4      | 3613 ||| READING 2 scrolls of identify.
  3613 | D:4      | 3613 ||| IDENTIFYING bubbling emerald potion
  3614 | D:4      | 3614 ||| DROPPING potion of berserk rage.
  3615 | D:4      | 3615 ||| DROPPING potion of brilliance.
  3621 | D:5      | Entered Level 5 of the Dungeon
  3648 | D:5      | Noticed a komodo dragon
  3649 | D:5      | 3649 ||| INVOKING Fiery Armour.
  3650 | D:5      | 3650 ||| Stepping ~*~*~tactically~*~*~ (outnumbered).
  3658 | D:5      | HP: 8/59 [komodo dragon (15)]
  3659 | D:5      | 3659 ||| DRINKING potion of heal wounds.
  3663 | D:5      | HP: 13/59 [komodo dragon (3)]
  3665 | D:5      | Reached XP level 7. HP: 16/66 MP: 7/7
  3667 | D:5      | Reached skill level 8 in Unarmed Combat
  3668 | D:5      | HP: 11/66 [komodo dragon (3)]
  3670 | D:5      | Mangled by a komodo dragon

Levels and vault maps discovered:
D:1:      lemuel_arrival_river_ford, layout_loops_ring,
          shapermc_ecumenical_altar_mp_highgroup
D:2:      layout_loops_ring, uniq_robin, uniq_sigmund
D:3:      layout_basic, chequers_serial_rivers_small_b, minmay_hedge_maze
D:4:      layout_basic, marbit_many_paths, gammafunk_ghost_grave, st_stairs_2,
          due_unseen_surprise
D:5:      layout_basic, nicolae_tso_carved_into_rock, lemuel_doored_altar,
          nicolae_overflow_two_pavilions, old_standard_altar,
          minmay_temple_entry_junction

Skill      XL: |  1  2  3  4  5  6  7 |
---------------+----------------------+-----
Unarmed Combat | 6 7 8 |  8.0
Dodging        | 1 |  1.0
Fighting       | |  2.4
Spellcasting   | |  1.0
Fire Magic     | |  2.1

Action                   |  1- 3 |  4- 6 |  7- 9 || total
-------------------------+-------+-------+-------++-------
Melee: Unarmed           |    46 |   173 |     6 ||   225
       Punch             |     1 |     4 |       ||     5
Invok: Fiery Armour      |     1 |     2 |       ||     3
  Use: Potion            |     3 |     5 |       ||     8
       Scroll            |     2 |    10 |       ||    12
 Stab: Sleeping          |       |     1 |       ||     1
Armor: Robe              |    14 |    38 |     1 ||    53
Dodge: Dodged            |    13 |    45 |     4 ||    62

Table legend:
 A = Non-vault XP
 B = Vault XP
 C = Vault XP percentage of total XP
 D = Non-vault monster count
 E = Vault monster count
 F = Vault count percentage of total count
                 A         B        C        D         E       F
            +---------+---------+-------+---------+---------+-------
      Total |     529 |     260 |  33.0 |      73 |      17 |  18.9
            +---------+---------+-------+---------+---------+-------
        D:1 |      25 |       0 |   0.0 |      15 |       0 |   0.0
        D:2 |      35 |     254 |  87.9 |      18 |      14 |  43.8
        D:3 |      75 |       0 |   0.0 |      17 |       0 |   0.0
        D:4 |     279 |       6 |   2.1 |      20 |       3 |  13.0
        D:5 |     115 |       0 |   0.0 |       3 |       0 |   0.0
            +---------+---------+-------+---------+---------+-------
